[Event "FICS rated blitz game"]
[Site "FICS freechess.org"]
[FICSGamesDBGameNo "20002194"]
[White "persidis"]
[Black "AndrewD"]
[WhiteElo "1323"]
[BlackElo "1283"]
[WhiteRD "na"]
[BlackRD "na"]
[TimeControl "300+12"]
[Date "1999.09.30"]
[Time "10:54:00"]
[WhiteClock "0:05:00.000"]
[BlackClock "0:05:00.000"]
[ECO "C62"]
[PlyCount "91"]
[Result "0-1"]

1. e4 e5 2. Nf3 Nc6 3. Bb5 d6 4. O-O Bd7 5. Nc3 a6 6. Ba4 b5 7. Bb3 Nf6 8. d3 h6 9. Nd2 Nd4 10. f4 exf4 11. Bd5 Nxd5 12. Nxd5 Ne6 13. Nf3 g5 14. d4 Bg7 15. e5 dxe5 16. c3 exd4 17. cxd4 Bc6 18. Nc3 Nxd4 19. Re1+ Ne6 20. Qb3 Bxf3 21. gxf3 O-O 22. a4 Nd4 23. Qd1 b4 24. Ne4 a5 25. Nc5 c6 26. Ra2 Qb6 27. Be3 fxe3 28. Nd7 e2 29. Nxb6 exd1=Q 30. Rxd1 Rae8 31. Nd7 Nxf3+ 32. Kg2 Nh4+ 33. Kf2 Rd8 34. Raa1 Rfe8 35. b3 Re7 36. Rac1 Rdxd7 37. Rxd7 Rxd7 38. Rxc6 Bd4+ 39. Ke2 Re7+ 40. Kd3 Bg1 41. h3 Re3+ 42. Kd2 Rxb3 43. Rxh6 Rxh3 44. Rh5 Nf3+ 45. Ke2 Rxh5 46. Kxf3 {White resigns} 0-1

[Event "FICS rated blitz game"]
[Site "FICS freechess.org"]
[FICSGamesDBGameNo "20002193"]
[White "Pituit"]
[Black "seva"]
[WhiteElo "1836"]
[BlackElo "1520"]
[WhiteRD "na"]
[BlackRD "na"]
[TimeControl "120+5"]
[Date "1999.09.30"]
[Time "10:07:00"]
[WhiteClock "0:02:00.000"]
[BlackClock "0:02:00.000"]
[ECO "C55"]
[PlyCount "139"]
[Result "1-0"]

1. e4 e5 2. Nf3 Nc6 3. Bc4 Nf6 4. d4 exd4 5. e5 d5 6. Bb5 Ne4 7. Nxd4 Bd7 8. Nxc6 bxc6 9. Bd3 f5 10. exf6 Nxf6 11. O-O Be7 12. Nd2 O-O 13. h3 c5 14. c3 c6 15. Nf3 Qc8 16. Re1 Bd6 17. Bf1 Ne4 18. Rxe4 dxe4 19. Qxd6 exf3 20. Bf4 fxg2 21. Bxg2 Rf6 22. Qxc5 Bxh3 23. Bxh3 Qxh3 24. Bg3 Rh6 25. Qc4+ Kh8 26. Qe4 Rf8 27. Re1 Rg6 28. Qf3 Rgf6 29. Qe3 h5 30. Qd4 Rg6 31. Qe4 Rgf6 32. Qd4 Qg4 33. Qxg4 hxg4 34. Re4 Rd8 35. Rxg4 Rd2 36. Rb4 Re6 37. Bf4 Rc2 38. Be3 Rg6+ 39. Kf1 Rd6 40. Rh4+ Kg8 41. Rb4 Rd1+ 42. Kg2 Rb1 43. Ra4 Rbxb2 44. Rxa7 Rxa2 45. Rc7 Rxc3 46. Bd4 Rc4 47. Rxg7+ Kf8 48. Rg4 Raa4 49. Bg7+ Kf7 50. Rg3 Rg4 51. Bh6 Rxg3+ 52. Kxg3 c5 53. Kf3 c4 54. Ke4 Ra6 55. Bd2 Re6+ 56. Kd4 Rc6 57. Bb4 Ke6 58. Bc3 Kf5 59. Bd2 Kg4 60. Kc3 Kf3 61. Be3 Ke4 62. Ba7 Kd5 63. f4 Ra6 64. Bb8 Ra3+ 65. Kc2 Rf3 66. Be5 Re3 67. Bb8 Kd4 68. Ba7+ Ke4 69. Bxe3 Kf5 70. Kc3 {Black resigns} 1-0

[Event "FICS rated lightning game"]
[Site "FICS freechess.org"]
[FICSGamesDBGameNo "20002192"]
[White "jdducky"]
[Black "Simke"]
[WhiteElo "1515"]
[BlackElo "1375"]
[WhiteRD "na"]
[BlackRD "na"]
[TimeControl "60+1"]
[Date "1999.09.30"]
[Time "09:53:00"]
[WhiteClock "0:01:00.000"]
[BlackClock "0:01:00.000"]
[ECO "C42"]
[PlyCount "63"]
[Result "1-0"]

1. e4 e5 2. Bc4 Nf6 3. Nf3 h6 4. Nxe5 d6 5. Nxf7 Qe7 6. Nxh8 Qxe4+ 7. Qe2 Be7 8. Qxe4 Nxe4 9. O-O Bf5 10. Bf7+ Kd7 11. d3 Nf6 12. Re1 Nc6 13. Nc3 Rxh8 14. Nd5 Nxd5 15. c4 Ndb4 16. Re2 Rf8 17. Bh5 Bxd3 18. Rd2 Bxc4 19. b3 Be6 20. Bb2 Rf5 21. Bg6 Rf6 22. Bh5 Rf5 23. Bd1 Bh4 24. g3 Bg5 25. Bxg7 Bxd2 26. Bg4 Re5 27. Bxe6+ Kxe6 28. Bxe5 Nxe5 29. Rd1 Bc3 30. Kg2 Nxa2 31. f4 Ng4 32. Rd3 {Black forfeits on time} 1-0

[Event "FICS rated lightning game"]
[Site "FICS freechess.org"]
[FICSGamesDBGameNo "20002191"]
[White "kubu"]
[Black "KebabApina"]
[WhiteElo "2139"]
[BlackElo "1933"]
[WhiteRD "na"]
[BlackRD "na"]
[TimeControl "60+0"]
[Date "1999.09.30"]
[Time "09:41:00"]
[WhiteClock "0:01:00.000"]
[BlackClock "0:01:00.000"]
[ECO "B03"]
[PlyCount "57"]
[Result "1-0"]

1. e4 Nf6 2. e5 Nd5 3. d4 d6 4. c4 Nb6 5. exd6 cxd6 6. Nc3 g6 7. Be3 Bg7 8. Rc1 O-O 9. b3 Nc6 10. d5 Ne5 11. Be2 Bf5 12. f4 Ned7 13. Nf3 h5 14. O-O Bg4 15. Nd4 Bxe2 16. Qxe2 Rc8 17. f5 Nc5 18. fxg6 fxg6 19. Rxf8+ Qxf8 20. Rf1 Qe8 21. Qc2 Kh7 22. Ne4 Nxe4 23. Qxe4 Nd7 24. Ne6 Nf6 25. Qd3 Ng4 26. Bd4 Bxd4+ 27. Qxd4 Qg8 28. h3 Nh6 29. Ng5# {Black checkmated} 1-0

[Event "FICS rated blitz game"]
[Site "FICS freechess.org"]
[FICSGamesDBGameNo "20002190"]
[White "TheGamesMan"]
[Black "psychotic"]
[WhiteElo "1050"]
[BlackElo "1454"]
[WhiteRD "na"]
[BlackRD "na"]
[TimeControl "180+12"]
[Date "1999.09.30"]
[Time "08:37:00"]
[WhiteClock "0:03:00.000"]
[BlackClock "0:03:00.000"]
[ECO "A48"]
[PlyCount "62"]
[Result "0-1"]

1. d4 Nf6 2. Nf3 g6 3. Bf4 Bg7 4. c3 O-O 5. g3 d5 6. Bg2 Bg4 7. Qd3 Ne4 8. Nbd2 f5 9. Ne5 Nc6 10. O-O Nxe5 11. dxe5 e6 12. Bf3 Bh3 13. Rfe1 g5 14. Be3 f4 15. Bd4 fxg3 16. fxg3 c5 17. Be3 Nxd2 18. Qxd2 h6 19. Bg2 Bxg2 20. Kxg2 b6 21. Rf1 Qe7 22. Rxf8+ Rxf8 23. Qc2 Bxe5 24. Qa4 Qb7 25. b4 d4+ 26. Kh3 dxe3 27. Qb5 Qe4 28. Qd7 g4+ 29. Kh4 Bf6+ 30. Kh5 Qf5+ 31. Kxh6 Qg5# {White checkmated} 0-1

[Event "FICS rated blitz game"]
[Site "FICS freechess.org"]
[FICSGamesDBGameNo "20002189"]
[White "chiefy"]
[Black "lavrentis"]
[WhiteElo "1591"]
[BlackElo "1473"]
[WhiteRD "na"]
[BlackRD "na"]
[TimeControl "300+0"]
[Date "1999.09.30"]
[Time "08:13:00"]
[WhiteClock "0:05:00.000"]
[BlackClock "0:05:00.000"]
[ECO "D02"]
[PlyCount "68"]
[Result "1-0"]

1. d4 d5 2. Nf3 e6 3. Bg5 Be7 4. h4 Bxg5 5. hxg5 f6 6. g6 Nh6 7. gxh7 Rxh7 8. e3 Qe7 9. Bd3 Rh8 10. Bg6+ Kd8 11. Nbd2 Bd7 12. Qe2 Be8 13. Bd3 Nc6 14. c3 a6 15. O-O-O e5 16. dxe5 Nxe5 17. Nxe5 Qxe5 18. Nf3 Qd6 19. Kb1 Kd7 20. e4 Rd8 21. e5 Qe6 22. Qc2 Bf7 23. exf6 d4 24. fxg7 Qxa2+ 25. Kc1 Rhg8 26. Rxh6 Rxg7 27. Bf5+ Ke8 28. Qe4+ Kf8 29. Rh8+ Rg8 30. Rxg8+ Bxg8 31. Nxd4 Qa1+ 32. Kc2 Qa4+ 33. Kd2 Re8 34. Qf4 Qa2 {Black resigns} 1-0

[Event "FICS rated blitz game"]
[Site "FICS freechess.org"]
[FICSGamesDBGameNo "20002188"]
[White "ciccio"]
[Black "Democrito"]
[WhiteElo "1479"]
[BlackElo "1423"]
[WhiteRD "na"]
[BlackRD "na"]
[TimeControl "120+12"]
[Date "1999.09.30"]
[Time "07:51:00"]
[WhiteClock "0:02:00.000"]
[BlackClock "0:02:00.000"]
[ECO "B13"]
[PlyCount "130"]
[Result "0-1"]

1. d4 Nf6 2. c4 e6 3. Nf3 c5 4. e3 cxd4 5. exd4 d5 6. Nc3 Nc6 7. Bg5 Be7 8. Rc1 O-O 9. Qc2 dxc4 10. Bxc4 Nxd4 11. Nxd4 Qxd4 12. Bd3 Qe5+ 13. Be3 Nd5 14. Nxd5 exd5 15. Bxh7+ Kh8 16. O-O Be6 17. Rfd1 Bd6 18. g3 Rac8 19. Qd2 Rxc1 20. Rxc1 Qh5 21. Bd3 Bh3 22. Be2 Qf5 23. Qd4 b6 24. Bd3 Qh5 25. Bf1 Bxf1 26. Rxf1 Bc5 27. Qd2 Qe5 28. Re1 Qd6 29. Bf4 Qd7 30. Re5 Rd8 31. Qd3 g6 32. Bg5 Re8 33. Rxd5 Qe6 34. Rd8 Rxd8 35. Qxd8+ Kg7 36. Qd2 Qxa2 37. Qc3+ Kh7 38. Qf6 Qb1+ 39. Kg2 Qe4+ 40. f3 Qe2+ 41. Kh3 Qe6+ 42. Qxe6 fxe6 43. Bf6 a5 44. Kg4 b5 45. Kf4 a4 46. Ke5 b4 47. Kxe6 a3 48. Kd5 a2 49. b3 Bg1 50. h3 Be3 51. Kc4 Bd2 52. Kd3 Bc3 53. Bxc3 bxc3 54. Kxc3 a1=Q+ 55. Kc4 Qc1+ 56. Kb5 Kg7 57. b4 Kf7 58. Kb6 Qe3+ 59. Ka5 Qxf3 60. b5 Qxg3 61. b6 Qxh3 62. Ka6 Qb3 63. b7 Ke6 64. Ka7 g5 65. b8=Q Qxb8+ {White resigns} 0-1

[Event "FICS rated blitz game"]
[Site "FICS freechess.org"]
[FICSGamesDBGameNo "20002187"]
[White "walle"]
[Black "argowin"]
[WhiteElo "1656"]
[BlackElo "1530"]
[WhiteRD "na"]
[BlackRD "na"]
[TimeControl "180+0"]
[Date "1999.09.30"]
[Time "06:41:00"]
[WhiteClock "0:03:00.000"]
[BlackClock "0:03:00.000"]
[ECO "A05"]
[PlyCount "56"]
[Result "0-1"]

1. Nf3 Nf6 2. g3 e6 3. d3 Bc5 4. e4 O-O 5. Bg2 b6 6. O-O Nc6 7. Bg5 h6 8. Bd2 Bb7 9. Nc3 Nd4 10. Nxd4 Bxd4 11. e5 Bxg2 12. Kxg2 Nd5 13. Qg4 Bxe5 14. Bxh6 Nxc3 15. bxc3 Bxc3 16. f4 Bxa1 17. Rxa1 Qf6 18. Bg5 Qxa1 19. h4 Qc3 20. h5 Qxc2+ 21. Kh3 Qc3 22. h6 f6 23. Bh4 f5 24. Qg5 Rf7 25. Qg6 Raf8 26. Bg5 Qxd3 27. hxg7 Rxg7 28. Qh6 Rh7 {White resigns} 0-1

[Event "FICS rated blitz game"]
[Site "FICS freechess.org"]
[FICSGamesDBGameNo "20002186"]
[White "IEH"]
[Black "Annemi"]
[WhiteElo "1367"]
[BlackElo "1284"]
[WhiteRD "na"]
[BlackRD "na"]
[TimeControl "300+0"]
[Date "1999.09.30"]
[Time "06:01:00"]
[WhiteClock "0:05:00.000"]
[BlackClock "0:05:00.000"]
[ECO "B01"]
[PlyCount "77"]
[Result "1-0"]

1. e4 d5 2. exd5 Qxd5 3. Nc3 Qa5 4. d3 Nf6 5. Bd2 Qh5 6. Be2 Qg6 7. Bf3 c6 8. Nge2 Bg4 9. Nf4 Qf5 10. O-O e5 11. Bxg4 Nxg4 12. Nfe2 Bd6 13. Ng3 Qg6 14. h3 Nf6 15. Nce4 Nxe4 16. dxe4 Nd7 17. Bc3 O-O-O 18. Nf5 Nf6 19. Nxd6+ Kb8 20. Bxe5 Ka8 21. Qd4 Rhe8 22. Rad1 Re6 23. Bxf6 Rexd6 24. Qxd6 Rxd6 25. Rxd6 a6 26. Bc3 Qxd6 27. f3 Qc5+ 28. Kh1 b5 29. b4 Qc4 30. Bd2 Qxf1+ 31. Kh2 Qe2 32. Bf4 Qxc2 33. Kg3 Qxa2 34. Kh4 Qb3 35. g4 Qxb4 36. Kg3 h6 37. h4 g5 38. hxg5 hxg5 39. Bxg5 {Black forfeits on time} 1-0

[Event "FICS rated blitz game"]
[Site "FICS freechess.org"]
[FICSGamesDBGameNo "20002185"]
[White "IronRanger"]
[Black "Drosera"]
[WhiteElo "1341"]
[BlackElo "1919"]
[WhiteRD "na"]
[BlackRD "na"]
[TimeControl "300+10"]
[Date "1999.09.30"]
[Time "01:31:00"]
[WhiteClock "0:05:00.000"]
[BlackClock "0:05:00.000"]
[ECO "C36"]
[PlyCount "68"]
[Result "0-1"]

1. e4 e5 2. f4 exf4 3. Nf3 d5 4. e5 Bg4 5. Be2 Bxf3 6. Bxf3 Nc6 7. d4 Qh4+ 8. Kf1 Nge7 9. Nc3 O-O-O 10. Na4 f6 11. c4 fxe5 12. cxd5 Nxd4 13. d6 Nxf3 14. Qxf3 cxd6 15. Bd2 d5 16. Ba5 Rd6 17. Rc1+ Nc6 18. Nb6+ axb6 19. Bxb6 e4 20. Qa3 Kb8 21. Rxc6 Rxc6 22. Qa7+ Kc8 23. Qa8+ Kd7 24. Qxb7+ Kd6 25. Qb8+ Ke6 26. Qe8+ Be7 27. Qxc6+ Bd6 28. Bc7 Qe7 29. Bxd6 Qxd6 30. Qb7 Qc5 31. Rg1 Qc4+ 32. Kf2 Qd4+ 33. Kf1 Qd1+ 34. Kf2 e3# {White checkmated} 0-1

[Event "FICS rated blitz game"]
[Site "FICS freechess.org"]
[FICSGamesDBGameNo "20002184"]
[White "Opponent"]
[Black "Fuser"]
[WhiteElo "1297"]
[BlackElo "942"]
[WhiteRD "na"]
[BlackRD "na"]
[TimeControl "120+12"]
[Date "1999.09.29"]
[Time "21:02:00"]
[WhiteClock "0:02:00.000"]
[BlackClock "0:02:00.000"]
[ECO "C50"]
[PlyCount "29"]
[Result "1-0"]

1. e4 e5 2. Nf3 Nc6 3. Bc4 h6 4. c3 Nf6 5. Qb3 Qe7 6. d3 d6 7. O-O Bg4 8. Qxb7 Rd8 9. Qxc6+ Rd7 10. Nbd2 Nh5 11. h3 Bxf3 12. Nxf3 Nf4 13. d4 exd4 14. Bxf4 d3 15. Bxd3 {Black resigns} 1-0

[Event "FICS rated blitz game"]
[Site "FICS freechess.org"]
[FICSGamesDBGameNo "20002183"]
[White "asianzcanplay"]
[Black "jtchezz"]
[WhiteElo "1693"]
[BlackElo "1595"]
[WhiteRD "na"]
[BlackRD "na"]
[TimeControl "180+0"]
[Date "1999.09.29"]
[Time "19:25:00"]
[WhiteClock "0:03:00.000"]
[BlackClock "0:03:00.000"]
[ECO "C41"]
[PlyCount "100"]
[Result "0-1"]

1. e4 e5 2. Nf3 d6 3. Bc4 Be6 4. Bb3 Bxb3 5. axb3 Nf6 6. d3 Nc6 7. O-O Be7 8. Bg5 O-O 9. Nbd2 h6 10. Bh4 a6 11. Nc4 Nd4 12. Nxd4 exd4 13. Kh1 d5 14. Bxf6 Bxf6 15. exd5 Qxd5 16. Re1 Rfe8 17. Qd2 b5 18. Na3 c5 19. Rad1 Re7 20. Re2 Rae8 21. Rde1 Rxe2 22. Rxe2 Rxe2 23. Qxe2 Qg5 24. g3 Qc1+ 25. Kg2 Qxb2 26. Qe8+ Kh7 27. Qe4+ g6 28. Qf4 Kg7 29. Nxb5 axb5 30. Qd2 Qc3 31. Qxc3 dxc3 32. f3 g5 33. h3 Bd4 34. g4 Kg6 35. Kf1 f5 36. Kg2 f4 37. Kf1 Kf6 38. Ke2 Ke5 39. Ke1 Be3 40. Ke2 Kd4 41. Ke1 c4 42. dxc4 bxc4 43. b4 Kd5 44. Ke2 Kc6 45. Ke1 Kb5 46. Ke2 Kxb4 47. Ke1 Ka3 48. Kd1 Kb2 49. Ke2 Kxc2 50. Ke1 Kd3 {White resigns} 0-1

[Event "FICS rated blitz game"]
[Site "FICS freechess.org"]
[FICSGamesDBGameNo "20002182"]
[White "Karlitos"]
[Black "bral"]
[WhiteElo "2207"]
[BlackElo "2188"]
[WhiteRD "na"]
[BlackRD "na"]
[TimeControl "180+0"]
[Date "1999.09.29"]
[Time "18:36:00"]
[WhiteClock "0:03:00.000"]
[BlackClock "0:03:00.000"]
[ECO "B22"]
[PlyCount "90"]
[Result "0-1"]

1. e4 c5 2. c3 d5 3. exd5 Qxd5 4. d4 Nf6 5. Nf3 Bg4 6. Qa4+ Nc6 7. Bc4 Qe4+ 8. Be3 Bxf3 9. Nd2 Qf5 10. Nxf3 O-O-O 11. dxc5 e5 12. O-O Ng4 13. Bb5 Nxe3 14. fxe3 Nb8 15. Qxa7 f6 16. c6 bxc6 17. Ba6+ Nxa6 18. Qxa6+ Kc7 19. Qa5+ Kc8 20. Qa8+ Kc7 21. Qa7+ Kc8 22. Nd4 Qd7 23. Qa8+ Kc7 24. Qa5+ Kc8 25. Rad1 exd4 26. Rxd4 Bd6 27. Rfd1 Qe7 28. Qa8+ Kc7 29. Qa5+ Kc8 30. Qa6+ Kc7 31. Qa7+ Kc8 32. Qa6+ Kc7 33. R1d3 Bc5 34. Qa5+ Bb6 35. Qf5 Bxd4 36. cxd4 Qb4 37. Qf4+ Qd6 38. Qg4 Rd7 39. Rb3 Rb8 40. Rxb8 Kxb8 41. Qd1 Qd5 42. Qa4 Qb5 43. Qc2 Rb7 44. b3 Qb4 45. Qxh7 Qe1# {White checkmated} 0-1

[Event "FICS rated blitz game"]
[Site "FICS freechess.org"]
[FICSGamesDBGameNo "20002181"]
[White "meb"]
[Black "bafq"]
[WhiteElo "1131"]
[BlackElo "1114"]
[WhiteRD "na"]
[BlackRD "na"]
[TimeControl "180+0"]
[Date "1999.09.29"]
[Time "18:27:00"]
[WhiteClock "0:03:00.000"]
[BlackClock "0:03:00.000"]
[ECO "A41"]
[PlyCount "36"]
[Result "0-1"]

1. d4 d6 2. Nc3 Nc6 3. Nf3 g6 4. e3 Bg7 5. Bb5 Bd7 6. Bxc6 Bxc6 7. O-O Nf6 8. Bd2 O-O 9. b3 Re8 10. a4 a6 11. Ne2 Qd7 12. Ba5 Bxf3 13. gxf3 b6 14. Bb4 Qf5 15. e4 Qxf3 16. e5 Ng4 17. exd6 Qh3 18. Nf4 Qxh2# {White checkmated} 0-1

[Event "FICS rated blitz game"]
[Site "FICS freechess.org"]
[FICSGamesDBGameNo "20002180"]
[White "Candel"]
[Black "Moonstar"]
[WhiteElo "1795"]
[BlackElo "1829"]
[WhiteRD "na"]
[BlackRD "na"]
[TimeControl "300+2"]
[Date "1999.09.29"]
[Time "17:41:00"]
[WhiteClock "0:05:00.000"]
[BlackClock "0:05:00.000"]
[ECO "A40"]
[PlyCount "119"]
[Result "0-1"]

1. d4 Nc6 2. c4 e5 3. d5 Nce7 4. Nc3 Ng6 5. g3 Nf6 6. Nf3 Bc5 7. e3 O-O 8. Bg2 d6 9. Qc2 Bb4 10. a3 Bxc3+ 11. Qxc3 Ne4 12. Qc2 f5 13. Nd2 Nxd2 14. Bxd2 f4 15. exf4 exf4 16. Be4 fxg3 17. hxg3 Qf6 18. f4 Bf5 19. Bxf5 Qxf5 20. Qxf5 Rxf5 21. O-O-O Re8 22. Rde1 Rff8 23. Bc3 h6 24. Kd2 Ne7 25. Bd4 Nf5 26. Bf2 Rxe1 27. Rxe1 h5 28. Rh1 g6 29. Rg1 Nh6 30. Re1 Kf7 31. b4 Nf5 32. Kc3 a6 33. a4 Re8 34. Rxe8 Kxe8 35. c5 Ke7 36. Kc4 Kf6 37. b5 axb5+ 38. Kxb5 dxc5 39. Kxc5 g5 40. a5 g4 41. Kb5 Nd6+ 42. Kb4 Kf5 43. a6 bxa6 44. Ka5 Ke4 45. Kxa6 Kf3 46. Be1 Ne4 47. Ba5 Nxg3 48. Bxc7 Nf5 49. Bd8 g3 50. Bb6 Ne3 51. d6 g2 52. d7 g1=Q 53. d8=Q Qf1+ 54. Kb7 Qb5 55. Qd6 Qd5+ 56. Qxd5+ Nxd5 57. f5 Kf4 58. Kc6 Nxb6 59. f6 Nc4 60. Kd5 {White forfeits on time} 0-1

[Event "FICS rated blitz game"]
[Site "FICS freechess.org"]
[FICSGamesDBGameNo "20002179"]
[White "waterror"]
[Black "alegro"]
[WhiteElo "1570"]
[BlackElo "1721"]
[WhiteRD "na"]
[BlackRD "na"]
[TimeControl "300+0"]
[Date "1999.09.29"]
[Time "16:53:00"]
[WhiteClock "0:05:00.000"]
[BlackClock "0:05:00.000"]
[ECO "B06"]
[PlyCount "41"]
[Result "0-1"]

1. e4 g6 2. d3 Bg7 3. Nc3 d6 4. h4 h5 5. Be2 Nf6 6. f4 Ng4 7. Nf3 Nc6 8. f5 gxf5 9. e5 dxe5 10. Ng5 Nd4 11. Bxg4 hxg4 12. Ne2 f6 13. Nxd4 Qxd4 14. c3 Qd5 15. c4 Qxg2 16. Rf1 fxg5 17. Bxg5 Bh6 18. Qa4+ Bd7 19. Qb4 Bxg5 20. hxg5 Rh2 21. O-O-O {White resigns} 0-1

[Event "FICS rated blitz game"]
[Site "FICS freechess.org"]
[FICSGamesDBGameNo "20002178"]
[White "hortus"]
[Black "catcheck"]
[WhiteElo "1557"]
[BlackElo "1353"]
[WhiteRD "na"]
[BlackRD "na"]
[TimeControl "240+12"]
[Date "1999.09.29"]
[Time "16:47:00"]
[WhiteClock "0:04:00.000"]
[BlackClock "0:04:00.000"]
[ECO "D32"]
[PlyCount "105"]
[Result "1-0"]

1. d4 d5 2. c4 e6 3. Nc3 c5 4. cxd5 exd5 5. Nf3 Nf6 6. Bg5 Be7 7. Bxf6 Bxf6 8. dxc5 Bxc3+ 9. bxc3 O-O 10. e3 Bg4 11. h3 Be6 12. Nd4 Nc6 13. Be2 Qa5 14. Qd2 Qxc5 15. O-O Na5 16. Rac1 Nc4 17. Qd3 Ne5 18. Qd2 Nc4 19. Qd3 Ne5 20. Qb5 Qxb5 21. Bxb5 Rac8 22. Nxe6 fxe6 23. f4 Rc5 24. Be2 Nd7 25. Bg4 Rf6 26. f5 exf5 27. Bxf5 Nf8 28. g4 h6 29. h4 Ne6 30. Bd3 Rxf1+ 31. Kxf1 a6 32. Ke2 d4 33. Bf5 Kf7 34. Bxe6+ Kxe6 35. exd4 Rc7 36. Kd3 b5 37. a4 Kd5 38. axb5 axb5 39. Rb1 Rb7 40. g5 hxg5 41. h5 Kc6 42. Rg1 Kd5 43. Rxg5+ Ke6 44. Rg1 Kf6 45. d5 b4 46. c4 b3 47. Rb1 b2 48. Kd4 Kg5 49. c5 Kxh5 50. c6 Rb8 51. c7 Ra8 52. Rxb2 g5 53. d6 {Black resigns} 1-0

[Event "FICS rated standard game"]
[Site "FICS freechess.org"]
[FICSGamesDBGameNo "20002177"]
[White "CISKO"]
[Black "rocketmanSF"]
[WhiteElo "1493"]
[BlackElo "1423"]
[WhiteRD "na"]
[BlackRD "na"]
[TimeControl "120+20"]
[Date "1999.09.29"]
[Time "16:44:00"]
[WhiteClock "0:02:00.000"]
[BlackClock "0:02:00.000"]
[ECO "B07"]
[PlyCount "52"]
[Result "1-0"]

1. e4 Nf6 2. Nc3 d6 3. d4 c6 4. Nf3 Bg4 5. Be2 Nbd7 6. O-O e6 7. h3 Bh5 8. Bg5 Be7 9. a4 Qa5 10. Re1 O-O 11. Bd3 e5 12. d5 Rac8 13. g4 Bg6 14. Nh4 cxd5 15. Nxg6 hxg6 16. exd5 Bd8 17. Bxf6 Nxf6 18. Nb5 Nxd5 19. Nxd6 Rc7 20. Nb5 Re7 21. Be4 Nf4 22. Re3 Bb6 23. Qe1 Bxe3 24. Qxa5 Bxf2+ 25. Kxf2 Nxh3+ 26. Kg3 f5 {Black resigns} 1-0

[Event "FICS rated blitz game"]
[Site "FICS freechess.org"]
[FICSGamesDBGameNo "20002176"]
[White "Trd"]
[Black "hexs"]
[WhiteElo "1244"]
[BlackElo "1280"]
[WhiteRD "na"]
[BlackRD "na"]
[TimeControl "120+5"]
[Date "1999.09.29"]
[Time "16:39:00"]
[WhiteClock "0:02:00.000"]
[BlackClock "0:02:00.000"]
[ECO "C40"]
[PlyCount "95"]
[Result "1-0"]

1. e4 e5 2. Nf3 d5 3. d4 exd4 4. Qxd4 dxe4 5. Qxd8+ Kxd8 6. Nd4 c5 7. Ne2 Nc6 8. Nbc3 f5 9. Nf4 g5 10. Nfd5 Be6 11. Bxg5+ Kd7 12. O-O-O Bd6 13. Nf6+ Nxf6 14. Bxf6 Rhf8 15. Bh4 Kc7 16. Nb5+ Kb6 17. Nxd6 Bxa2 18. Bc4 Bxc4 19. Nxc4+ Kb5 20. Nd6+ Kb6 21. Rd5 Nd4 22. f4 Kc6 23. Re5 Kxd6 24. Be7+ Kc6 25. Bxf8 Rxf8 26. c3 Ne2+ 27. Kd2 Nxf4 28. Rf1 Rd8+ 29. Kc2 Nxg2 30. Rfxf5 Ne3+ 31. Kb3 Nxf5 32. Rxf5 e3 33. Rf6+ Kc7 34. Rf7+ Rd7 35. Rf1 Rd2 36. Re1 e2 37. c4 Kc6 38. Kc3 b5 39. Kxd2 b4 40. Rxe2 a5 41. Re6+ Kd7 42. Rh6 a4 43. Rxh7+ Ke6 44. Ra7 a3 45. bxa3 b3 46. Kc3 Ke5 47. Kxb3 Kd4 48. Rd7+ {Black resigns} 1-0

[Event "FICS rated blitz game"]
[Site "FICS freechess.org"]
[FICSGamesDBGameNo "20002174"]
[White "gengis"]
[Black "Myggen"]
[WhiteElo "1679"]
[BlackElo "1752"]
[WhiteRD "na"]
[BlackRD "na"]
[TimeControl "300+0"]
[Date "1999.09.29"]
[Time "13:57:00"]
[WhiteClock "0:05:00.000"]
[BlackClock "0:05:00.000"]
[ECO "B09"]
[PlyCount "136"]
[Result "0-1"]

1. e4 d6 2. d4 g6 3. Nc3 Bg7 4. f4 Nf6 5. Nf3 c6 6. Be3 O-O 7. e5 Nd5 8. Nxd5 cxd5 9. Bd3 Nc6 10. O-O Qb6 11. Qc1 Nb4 12. Qd2 Nxd3 13. cxd3 Bd7 14. Rac1 Rac8 15. Nh4 e6 16. g4 Rxc1 17. Rxc1 Rc8 18. Rxc8+ Bxc8 19. Qc3 Bd7 20. b3 Qc6 21. Qxc6 bxc6 22. Kf2 Kf8 23. Ke2 Ke7 24. Kd2 f6 25. Nf3 Bc8 26. Kc3 Ba6 27. a3 Kd7 28. Bd2 c5 29. h3 Kc6 30. g5 fxe5 31. dxe5 d4+ 32. Kc2 Kd5 33. Ba5 dxe5 34. fxe5 Bb7 35. Bc7 Kc6 36. Bd6 Kb6 37. a4 Bxf3 38. Bb8 Bg2 39. h4 a6 40. Bd6 Kc6 41. Bb8 Kd5 42. Bd6 Bxe5 43. Bf8 Bg3 44. b4 cxb4 45. Bxb4 Bxh4 46. Be7 e5 47. Bf6 e4 48. dxe4+ Bxe4+ 49. Kd2 Bf5 50. Kd1 Kc4 51. Kd2 Kb4 52. Be7+ Kxa4 53. Bf6 Kb5 54. Bxd4 Kc4 55. Bf6 a5 56. Kc1 Kb3 57. Kd2 a4 58. Ke3 a3 59. Kf4 Be1 60. Ba1 Bc3 61. Bxc3 Kxc3 62. Ke5 a2 63. Kf6 a1=Q 64. Kg7 Qa7+ 65. Kh6 Qd4 66. Kxh7 Qh4+ 67. Kg7 Qxg5 68. Kf7 Bd3 {White forfeits on time} 0-1

[Event "FICS rated blitz game"]
[Site "FICS freechess.org"]
[FICSGamesDBGameNo "20002172"]
[White "pross"]
[Black "SergeZ"]
[WhiteElo "1609"]
[BlackElo "1707"]
[WhiteRD "na"]
[BlackRD "na"]
[TimeControl "300+0"]
[Date "1999.09.29"]
[Time "11:37:00"]
[WhiteClock "0:05:00.000"]
[BlackClock "0:05:00.000"]
[ECO "B23"]
[PlyCount "119"]
[Result "1/2-1/2"]

1. e4 c5 2. Nc3 e6 3. f4 d5 4. exd5 exd5 5. Bb5+ Bd7 6. Qe2+ Be7 7. Nxd5 Nc6 8. Nf3 a6 9. Bxc6 Bxc6 10. Nxe7 Nxe7 11. O-O O-O 12. Re1 Nf5 13. d3 Re8 14. Qf2 Bxf3 15. Rxe8+ Qxe8 16. Qxf3 Nd4 17. Qf2 Qa4 18. b3 Qd7 19. Bb2 Re8 20. Re1 Rxe1+ 21. Qxe1 Nxc2 22. Qe5 f6 23. Qxc5 Qxd3 24. Qc4+ Qxc4 25. bxc4 Kf7 26. Kf2 Nb4 27. Ke3 Nxa2 28. Kd4 Nb4 29. Bc3 Nc6+ 30. Kc5 Ke6 31. Kb6 Nd8 32. Kc7 Ke7 33. Bb4+ Ke8 34. Bd6 b5 35. cxb5 axb5 36. Kb6 Kd7 37. Ba3 Ne6 38. g3 Nc7 39. Bc5 g6 40. g4 Nd5+ 41. Kxb5 Nxf4 42. Bd4 Ke6 43. Kc4 h5 44. gxh5 Nxh5 45. Be3 Ke5 46. Kd3 Nf4+ 47. Kd2 Ke4 48. Ba7 f5 49. Ke1 g5 50. Kf2 g4 51. Bb8 Nd3+ 52. Kg3 Ne5 53. h3 f4+ 54. Kg2 gxh3+ 55. Kxh3 f3 56. Bxe5 Kxe5 57. Kg3 Ke4 58. Kf2 Kf4 59. Kf1 Kg3 60. Kg1 {Game drawn by mutual agreement} 1/2-1/2

[Event "FICS rated blitz game"]
[Site "FICS freechess.org"]
[FICSGamesDBGameNo "20002171"]
[White "GeneralManager"]
[Black "ilios"]
[WhiteElo "1682"]
[BlackElo "1745"]
[WhiteRD "na"]
[BlackRD "na"]
[TimeControl "180+0"]
[Date "1999.09.29"]
[Time "11:08:00"]
[WhiteClock "0:03:00.000"]
[BlackClock "0:03:00.000"]
[ECO "E76"]
[PlyCount "62"]
[Result "1-0"]

1. d4 d6 2. c4 Nf6 3. Nc3 g6 4. e4 Bg7 5. f4 O-O 6. Nf3 c6 7. Bd3 e5 8. d5 Nbd7 9. fxe5 dxe5 10. O-O Ng4 11. h3 Qb6+ 12. Kh1 Nf2+ 13. Rxf2 Qxf2 14. Bd2 Nc5 15. Bc2 f5 16. b4 Nxe4 17. Bxe4 fxe4 18. Nxe4 Qb6 19. c5 Qb5 20. d6 Bd7 21. a4 Qd3 22. Qe1 Bxh3 23. Qe3 Qxe3 24. Bxe3 Bf5 25. Neg5 e4 26. Nd4 Be5 27. Re1 Rae8 28. b5 Kg7 29. bxc6 h6 30. cxb7 hxg5 31. c6 Bxd6 {Black forfeits on time} 1-0

[Event "FICS rated blitz game"]
[Site "FICS freechess.org"]
[FICSGamesDBGameNo "20002169"]
[White "Alcides"]
[Black "crispee"]
[WhiteElo "1740"]
[BlackElo "1311"]
[WhiteRD "na"]
[BlackRD "na"]
[TimeControl "180+0"]
[Date "1999.09.29"]
[Time "10:40:00"]
[WhiteClock "0:03:00.000"]
[BlackClock "0:03:00.000"]
[ECO "B75"]
[PlyCount "67"]
[Result "1-0"]

1. e4 c5 2. Nc3 Nc6 3. Nge2 d6 4. d4 cxd4 5. Nxd4 g6 6. Be3 Bg7 7. f3 Nf6 8. g4 h6 9. Qd2 Nxd4 10. Bxd4 b6 11. O-O-O Bd7 12. h4 O-O 13. h5 g5 14. Be3 Nxg4 15. fxg4 Bxg4 16. Be2 Bxe2 17. Nxe2 Bf6 18. Bd4 e5 19. Bc3 Be7 20. Ng3 Rc8 21. Nf5 Kh7 22. Rdg1 f6 23. Rh4 Rf7 24. Kb1 Bf8 25. Rhg4 Rc4 26. Qd5 Rfc7 27. Qe6 a5 28. Ne3 R4c5 29. Nd5 b5 30. Nxf6+ Kg7 31. Ne8+ Kh8 32. Bxa5 Re7 33. Bxd8 Rxe6 34. Nf6 {Black forfeits on time} 1-0